 Dungeon Crawl Stone Soup version 0.27.1-33-g824d729ab1 (webtiles) character file.

Game seed: 3679124186584113346

945 pkoi the Martial Artist (level 7, -2/57 HPs)
             Began as a White Draconian Monk on Dec 28, 2021.
             Was a Believer of Okawaru.
             Killed from afar by a steam dragon (16 damage)
             ... with a ball of steam
             ... on level 7 of the Dungeon.
             The game lasted 00:07:07 (5913 turns).

pkoi the Martial Artist (White Draconian Monk)      Turns: 5913, Time: 00:07:07

Health: -2/57      AC:  6    Str: 13    XL:     7   Next: 89%
Magic:  9/9        EV: 12    Int: 19    God:    Okawaru [**....]
Gold:   239        SH:  0    Dex: 13    Spells: 5/7 levels left

rFire    . . .     SeeInvis .     - Unarmed
rCold    + . .     Faith    .   (no shield)
rNeg     . . .     Spirit   .   (armour unavailable)
rPois    .         Reflect  .   (helmet restricted)
rElec    .         Harm     .   (no cloak)
rCorr    .         Rampage  .   (no gloves)
Will     .....                  (no boots)
Stlth    ++........             o - amulet of regeneration
HPRegen  1.19/turn              j - +6 ring of intelligence
MPRegen  0.11/turn              (no ring)

@: short of breath
A: breathe frost, AC +6, unfitting armour, cold resistance 1, cold-blooded
a: Breathe Frost, Renounce Religion, Heroism


You were on level 7 of the Dungeon.
You worshipped Okawaru.
Okawaru was pleased with you.
You visited 1 branch of the dungeon, and saw 6 of its levels.

You collected 239 gold pieces.

Inventory:

Hand Weapons
 c - a +0 whip
Missiles
 a - 11 poisoned darts (quivered)
Jewellery
 j - a +6 ring of intelligence (left hand)
 o - an amulet of regeneration (around neck)
Wands
 k - a wand of paralysis (8)
 q - a wand of acid (2)
Scrolls
 b - 2 scrolls of silence {unknown}
 e - 6 scrolls of identify {unknown}
 g - a scroll of holy word {unknown}
 h - a scroll of enchant armour {unknown}
 n - a scroll of noise {unknown}
Potions
 d - a potion of degeneration {unknown}
 f - 2 potions of might
 i - a potion of heal wounds
 l - a potion of flight {unknown}
 m - 3 potions of curing {unknown}
 p - a potion of resistance {unknown}
 r - a potion of berserk rage {unknown}


   Skills:
 - Level 3.2 Fighting
 - Level 2.6 Dodging
 - Level 1.7 Stealth
 * Level 9.0 Unarmed Combat
 + Level 0.8 Spellcasting
 + Level 1.0 Translocations
 + Level 2.7 Invocations


You had 5 spell levels left.
You knew the following spells:

 Your Spells              Type           Power      Damage    Failure   Level
a - Blink                 Tloc           N/A        N/A       19%         2

Your spell library contained the following spells:

 Spells                   Type           Power      Damage    Failure   Level
 Slow                     Hex            0%         N/A       28%         2
 Lesser Beckoning         Tloc           2%         N/A       36%         3
 Portal Projectile        Hex/Tloc       4%         N/A       43%         3
 Call Canine Familiar     Summ           0%         N/A       50%         3
 Confusing Touch          Hex            0%         N/A       50%         3
 Vampiric Draining        Necr           0%         2d6       50%         3
 Leda's Liquefaction      Hex/Erth       0%         N/A       88%         4
 Manifold Assault         Tloc           4%         N/A       98%         5


Dungeon Overview and Level Annotations

Branches:
Dungeon (5/15)
 Temple: D:4-7

Altars:
Elyvilon
Kikubaaqudgha
Okawaru
Sif Muna
Xom

Annotations:
D:4 2 transporters, eliilek's ghost, novice MiBe


Innate Abilities, Weirdness & Mutations

You can breathe waves of freezing cold which knock back foes.
Your icy white scales are hard. (AC +6)
You cannot fit into any form of body armour.
Your flesh is cold resistant. (rC+)
You are cold-blooded and may be slowed by cold attacks.


Message History

* * * LOW HITPOINT WARNING * * *
A nearby fungus withers and dies. x2
The water moccasin is engulfed in a cloud of scalding steam.
The water moccasin dies!
The steam dragon bites you.
* * * LOW HITPOINT WARNING * * *
The steam dragon closely misses you.
Your Translocations skill increases to level 1!
Found an escape hatch in the ceiling.
A phantom comes into view.
Unknown command.
The phantom hits the fungus.
The fungus begins to die.
You barely miss the steam dragon.
Your tail-slap misses the steam dragon.
You punch the steam dragon, but do no damage.
The phantom hits the fungus!
You hit the steam dragon.
The steam dragon is lightly wounded.
The steam dragon bites you!
* * * LOW HITPOINT WARNING * * *
The steam dragon claws you but does no damage.
The phantom hits the fungus!
You hit the steam dragon.
You tail-slap the steam dragon, but do no damage.
The steam dragon is moderately wounded.
The steam dragon bites you.
* * * LOW HITPOINT WARNING * * *
The steam dragon claws you.
* * * LOW HITPOINT WARNING * * *
Press: ? - help, Shift-Dir - straight line, f - steam dragon
Aim: a steam dragon (moderately wounded)
You exhale a wave of freezing cold.
The freezing breath hits the steam dragon.
The steam dragon is heavily wounded.
The steam dragon is blown backwards by the freezing wind.
The phantom hits the fungus!
The fungus begins to die.
A nearby fungus withers and dies.
Found 6 boomerangs.
The steam dragon breathes steam at you. The ball of steam hits you!
You die...

## #.# #.# #.# ##.#
#####..##
##.......########
#........§D.....#
...<...@§..†......#
..###...P.....PPP.....
#.PPPP......PPPPP..
#.P.............PPP
.......PPPPPP......P
.....PWPP...PPPPPP...
#...PPP..._...PPPPPP.
#(..........#


You could see a steam dragon (catching breath) and a phantom.

Vanquished Creatures
  An ice beast (D:5)
  2 ogres
  2 phantoms
  2 scorpions (D:5)
  A centaur zombie (D:7)
  A hound (D:5)
  A gnoll shaman (D:5)
  A bullfrog skeleton (D:3)
  Ijyb (D:5)
  2 orc wizards
  6 gnolls
  4 adders
  An ufetubus (D:4)
  An adder zombie (D:5)
  4 worms
  3 dart slugs
  11 orcs
  5 bats
  12 endoplasms
  3 giant cockroaches
  5 goblins
  7 hobgoblins
  2 jackals (D:2)
  8 kobolds
  4 quokkas
  9 ball pythons
  5 frilled lizards
  5 rats
109 creatures vanquished.

Vanquished Creatures (others)
  A water moccasin (D:7)
  11 fungi (D:7)
  A plant (D:1)
13 creatures vanquished.

Grand Total: 122 creatures vanquished

Notes
Turn   | Place    | Note
-------+----------+-------------------------------------------
     0 | D:1      | pkoi the Draconian Monk began the quest for the Orb.
     0 | D:1      | Reached XP level 1. HP: 19/19 MP: 1/1
   672 | D:1      | Reached XP level 2. HP: 24/26 MP: 2/2
   814 | D:1      | Reached skill level 4 in Unarmed Combat
   814 | D:1      | Reached XP level 3. HP: 11/31 MP: 3/3
  2072 | D:2      | Found a faded altar of an unknown god.
  2407 | D:2      | Reached XP level 4. HP: 9/38 MP: 4/4
  2708 | D:2      | Reached skill level 5 in Unarmed Combat
  3922 | D:3      | Reached XP level 5. HP: 45/45 MP: 5/5
  4170 | D:3      | Reached skill level 6 in Unarmed Combat
  4386 | D:4      | Found a transporter.
  4410 | D:4      | Found a transporter.
  4511 | D:4      | Noticed eliilek's ghost (novice MiBe)
  4719 | D:4      | Noticed a yak
  4719 | D:4      | Noticed a phantom
  4780 | D:4      | Killed a phantom
  4839 | D:4      | Noticed a yak
  4943 | D:4      | Reached XP level 6. HP: 48/51 MP: 6/6
  4971 | D:4      | Noticed a yak
  4972 | D:4      | Noticed a yak
  4972 | D:4      | Noticed a yak
  4972 | D:4      | Noticed a yak
  5042 | D:4      | Found an ancient bone altar of Kikubaaqudgha.
  5101 | D:4      | Reached skill level 7 in Unarmed Combat
  5137 | D:5      | Entered Level 5 of the Dungeon
  5167 | D:5      | Reached skill level 8 in Unarmed Combat
  5167 | D:5      | Your scales start taking on an icy white colour.
  5167 | D:5      | Reached XP level 7. HP: 43/57 MP: 7/7
  5167 | D:5      | Gained mutation: Your flesh is cold resistant. (rC+) [White
                  | Draconian growth]
  5241 | D:5      | Found an iron altar of Okawaru.
  5277 | D:5      | Became a worshipper of Warmaster Okawaru
  5277 | D:5      | Reached * piety under Okawaru
  5277 | D:5      | Reached ** piety under Okawaru
  5378 | D:5      | Reached skill level 1 in Invocations
  5393 | D:5      | Noticed Ijyb
  5422 | D:5      | Killed Ijyb
  5455 | D:5      | Found a white marble altar of Elyvilon.
  5491 | D:5      | Learned a level 2 spell: Blink
  5855 | D:5      | Reached skill level 9 in Unarmed Combat
  5880 | D:5      | Found a shimmering altar of Xom.
  5897 | D:5      | You fall into a shaft and drop 2 floors!
  5897 | D:7      | Noticed a steam dragon
  5897 | D:7      | Found a shimmering blue altar of Sif Muna.
  5906 | D:7      | Reached skill level 1 in Translocations
  5913 | D:7      | Killed from afar by a steam dragon

Illustrated notes

Levels and vault maps discovered:
D:1:      sevenhm_arrival_forest_fort_large_3, layout_loops_ring,
          serial_bayou_lagoon_b
D:2:      layout_basic, basic_ecumenical_altar
D:3:      layout_loops_ring, grunt_ministairs_12
D:4:      layout_cave_pools, kiku_gazebo_pond_becter,
          gammafunk_ghost_abyssal_escape
D:5:      layout_basic, xom_teletrap_fun, kennysheep_okawaru_gauntlet,
          mainiacjoe_overflow_alcove_2, dk_noncrumbling_3, uniq_ijyb
D:7:      layout_layer_cave, mainiacjoe_overflow_catch_the_wave,
          gammafunk_ghost_necromancy, item_on_display_a

Skill      XL: |  1  2  3  4  5  6  7 |
---------------+----------------------+-----
Unarmed Combat | 4 5 6 8 9 |  9.0
Invocations    | 2 |  2.7
Translocations | 1 |  1.0
Fighting       | |  3.2
Dodging        | |  2.6
Stealth        | |  1.7
Spellcasting   | |  0.8

Action                   |  1- 3 |  4- 6 |  7- 9 || total
-------------------------+-------+-------+-------++-------
Melee: Unarmed           |   138 |   207 |    95 ||   440
       Tailslap          |    15 |    21 |    13 ||    49
       Punch             |     1 |     7 |     2 ||    10
Throw: Dart              |       |       |    11 ||    11
 Abil: Breathe Frost     |       |       |     7 ||     7
Evoke: Wand              |       |       |     2 ||     2
  Use: Potion            |     1 |       |     3 ||     4
 Stab: Sleeping          |     7 |     6 |       ||    13
Armor: Skin              |    37 |    54 |    19 ||   110
Dodge: Dodged            |    71 |    97 |    48 ||   216
